 Dungeon Crawl Stone Soup version 0.24.0-37-gcf1ca852f1 (webtiles) character file.

Game seed: 15172527336784601741, levelgen mode: deterministic

875 Peloso the Shield-Bearer (level 7, 0/61 HPs)
             Began as a Minotaur Fighter on Dec 4, 2019.
             Succumbed to a scorpion's poison
             ... on level 4 of the Dungeon.
             The game lasted 00:04:58 (2511 turns).

Peloso the Shield-Bearer (Minotaur Fighter)         Turns: 2511, Time: 00:04:58

Health: 0/61       AC:  7    Str: 26    XL:     7   Next: 74%
Magic:  6/6        EV:  9    Int:  5    God:
Gold:   106        SH: 11    Dex: 11    Spells: 6/6 levels left

rFire    . . .     SeeInvis .   a - +0 long sword
rCold    . . .     Gourm    .   c - +0 shield
rNeg     . . .     Faith    .   b - +0 scale mail
rPois    .         Spirit   .   (helmet restricted)
rElec    .         Reflect  .   (no cloak)
rCorr    .         Harm     .   (no gloves)
MR       .....                  (no boots)
Stlth    ..........             (no amulet)
HPRegen  0.20/turn              (no ring)
MPRegen  0.10/turn              (no ring)

@: mighty, lethally poisoned (0 -> -1)
A: retaliatory headbutt, horns 2
a: no special abilities


You were on level 4 of the Dungeon.
You were hungry.

You visited 1 branch of the dungeon, and saw 4 of its levels.

You collected 106 gold pieces.

Inventory:

Hand Weapons
 a - a +0 long sword (weapon)
 p - a +0 whip of flaming
Armour
 b - a +0 scale mail (worn)
 c - a +0 shield (worn)
Jewellery
 i - an uncursed ring of flight {unknown}
Scrolls
 e - 3 scrolls of identify {unknown}
 g - 4 scrolls of remove curse {unknown}
 h - 2 scrolls of immolation {unknown}
 j - a scroll of amnesia {unknown}
 k - a scroll of fog {unknown}
 n - a scroll of fear {unknown}
 o - a scroll of blinking {unknown}
Potions
 d - 3 potions of might
 l - a potion of curing
 m - a potion of agility {unknown}
Comestibles
 f - 6 rations


   Skills:
 + Level 5.5 Fighting
 + Level 6.3 Long Blades
 + Level 5.8 Armour
 + Level 2.0 Dodging
 + Level 0.5 Stealth
 + Level 6.5 Shields


You had 6 spell levels left.
You didn't know any spells.
Your spell library was empty.

Dungeon Overview and Level Annotations

Branches:
Dungeon (4/15)
 Temple: D:4-7

Altars:
Fedhas
Kikubaaqudgha
Makhleb
Nemelex Xobeh
Okawaru
Ru
Sif Muna
Vehumet
Xom


Innate Abilities, Weirdness & Mutations

You reflexively headbutt those who attack you in melee.
You have a pair of horns on your head.


Message History

Your Dodging skill increases to level 2!
You feel sick.
You feel sick.
You see here a scorpion corpse.
You feel sick.
You feel sick.
You feel sick.
You feel sick.
Found a stone staircase leading down.
You feel sick.
An iguana comes into view.
You feel sick. The iguana bites you!
* * * LOW HITPOINT WARNING * * *
You hit the iguana. Your headbutt misses the iguana.
The iguana is lightly wounded.
The iguana bites you.
* * * LOW HITPOINT WARNING * * *
You slash the iguana!
You kill the iguana!
You die...

.#......#
.......# .#
#......###.# .
#..........
#.##........#
............#
......>.....#
.......@....###
......#........
..... #....####
.... +....+
...#+##....#
...........#
...........#
.........#####
#.............#


There were no monsters in sight!

Vanquished Creatures
  Pikel (D:4)
  Sigmund (D:2)
  2 slaves
  A scorpion (D:4)
  An orc priest (D:4)
  An iguana (D:4)
  Terence (D:2)
  A worker ant (D:2)
  3 adders
  2 oozes
  6 worms
  A leopard gecko (D:3)
  4 orcs
  9 bats
  3 giant cockroaches
  11 goblins
  7 hobgoblins
  2 jackals (D:3)
  9 kobolds
  A quokka (D:3)
  8 frilled lizards
  5 rats
80 creatures vanquished.

Notes
Turn   | Place    | Note
-------+----------+-------------------------------------------
     0 | D:1      | Peloso the Minotaur Fighter began the quest for the Orb.
     0 | D:1      | Reached XP level 1. HP: 19/19 MP: 0/0
   111 | D:1      | Reached XP level 2. HP: 25/27 MP: 1/1
   422 | D:1      | Reached XP level 3. HP: 33/33 MP: 2/2
   671 | D:2      | Noticed Terence
   684 | D:2      | Killed Terence
   684 | D:2      | Reached XP level 4. HP: 25/40 MP: 3/3
   806 | D:2      | Found a sparkling altar of Nemelex Xobeh.
   896 | D:2      | Reached skill level 5 in Shields
   944 | D:2      | Found a blossoming altar of Fedhas.
   944 | D:2      | Found a radiant altar of Vehumet.
   946 | D:2      | Found a shimmering blue altar of Sif Muna.
   946 | D:2      | Found an ancient bone altar of Kikubaaqudgha.
   948 | D:2      | Noticed Sigmund
   950 | D:2      | Found an iron altar of Okawaru.
   970 | D:2      | Killed Sigmund
   970 | D:2      | Reached skill level 1 in Dodging
   970 | D:2      | Reached XP level 5. HP: 40/47 MP: 4/4
  1049 | D:2      | Found a faded altar of an unknown god.
  1144 | D:2      | Reached XP level 6. HP: 41/53 MP: 5/5
  1362 | D:2      | Found a burning altar of Makhleb.
  1366 | D:2      | Found a shimmering altar of Xom.
  1445 | D:3      | Reached skill level 5 in Long Blades
  1594 | D:3      | Found a sacrificial altar of Ru.
  1683 | D:3      | Found a sparkling altar of Nemelex Xobeh.
  2110 | D:4      | Noticed a slave
  2110 | D:4      | Noticed a slave
  2113 | D:4      | Noticed a slave
  2135 | D:3      | Killed a slave
  2379 | D:4      | Killed a slave
  2457 | D:4      | Noticed a slave
  2458 | D:4      | Noticed Pikel
  2474 | D:4      | Killed Pikel
  2474 | D:4      | Reached skill level 5 in Fighting
  2474 | D:4      | Reached skill level 5 in Armour
  2474 | D:4      | Reached XP level 7. HP: 20/61 MP: 6/6
  2509 | D:4      | HP: 1/61 [iguana (6)]
  2511 | D:4      | Succumbed to a scorpion's poison

Levels and vault maps discovered:
D:1:      dpeg_arrival_more_subterranean_lakeside_camping, layout_loops_cross
D:2:      layout_loops_ring, minitemple, grunt_temple_overflow_open,
          first_ration, chequers_ecumenical_altar_grove,
          nemelex_dance_club_becter, uniq_terence, uniq_sigmund
D:3:      layout_basic, nemelex_xobeh_ov_fountains_minmay, marbit_many_paths
D:4:      layout_basic, minmay_temple_entry_tees, uniq_blork_the_orc, uniq_pikel

Skill      XL: |  1  2  3  4  5  6  7 |
---------------+----------------------+-----
Shields        | 4 5 6 |  6.5
Fighting       | 4 5 |  5.5
Armour         | 4 5 |  5.8
Long Blades    | 3 4 6 |  6.3
Dodging        | 1 2 |  2.0
Stealth        | |  0.5

Action                   |  1- 3 |  4- 6 |  7- 9 || total
-------------------------+-------+-------+-------++-------
Melee: Long sword        |    90 |   154 |     4 ||   248
       Headbutt          |    12 |    26 |     1 ||    39
  Use: Potion            |     1 |     2 |       ||     3
 Stab: Invisible         |       |     1 |       ||     1
  Eat: Chunk             |       |     5 |       ||     5
Armor: Scale mail        |    40 |    56 |       ||    96
Dodge: Dodged            |    27 |    64 |       ||    91
Block: Shield            |    70 |    85 |       ||   155
       Rpst.: Long sword |     8 |    15 |       ||    23
